 Dungeon Crawl Stone Soup version 0.31-a0-675-g238779eb0a (webtiles) character file.

Game seed: 7058896942629328995

143 qw the Shooter (level 5, -2/32 HPs)
             Began as a Gargoyle Hunter on Sept 5, 2023.
             Slain by Sigmund
             ... wielding a +2 scythe of protection
              (8 damage)
             ... on level 3 of the Dungeon.
             The game lasted 00:01:01 (2105 turns).

qw the Shooter (Gargoyle Hunter)                    Turns: 2105, Time: 00:01:01

Health: -2/32      AC:  9    Str: 14    XL:     5   Next: 25%
Magic:  5/5        EV: 10    Int: 10    God:
Gold:   82         SH:  0    Dex: 15    Spells: 4/4 levels left

rFire   . . .        Y - +0 shortbow
rCold   . . .        (shield currently unavailable)
rNeg    + . .        d - +0 ring mail
rPois   inf          (no helmet)
rElec   +            (no cloak)
rCorr   .            (no gloves)
SInv    +            (no boots)
Will    .....        (no amulet)
Stlth   +            e - ring of see invisible
HPRegen 0.25/turn    (no ring)
MPRegen 0.09/turn

%: no passive effects
@: no status effects
A: sickness immunity, AC +4, negative energy resistance 1, electricity
resistance, torment resistance 1, petrification resistance
a: no special abilities


You were on level 3 of the Dungeon.
You visited 1 branch of the dungeon, and saw 3 of its levels.

You collected 82 gold pieces.


Innate Abilities, Weirdness & Mutations

You are immune to sickness and miasma.
Your stone body is resilient. (AC +4)
You are immune to poison.
You resist negative energy. (rN+)
You are resistant to electric shocks. (rElec)
You are resistant to unholy torment.
You are immune to petrification.


   Skills:
 - Level 3.1 Fighting
 + Level 5.8 Ranged Weapons
 - Level 1.1 Armour
 - Level 1.5 Dodging
 - Level 1.1 Stealth


You had 4 spell levels left.
You didn't know any spells.
Your spell library was empty.

Inventory:

Hand Weapons
 Y - a +0 shortbow (weapon)
Armour
 c - a +0 helmet
 d - a +0 ring mail (worn)
Jewellery
 e - a ring of see invisible (left hand)
Scrolls
 a - a scroll of identify
 h - a scroll of enchant armour {unknown}
Potions
 b - a potion of curing
 f - a potion of enlightenment
 g - a potion of might {unknown}
 i - a potion of ambrosia {unknown}

Dungeon Overview and Level Annotations

Branches:
Dungeon (3/15)

Altars:
Hepliaklqana
Qazlal
Ru
The Shining One

Annotations:
D:3 Sigmund


Message History

2092 ||| Stepping ~*~*~tactically~*~*~ (outnumbered).
2093 ||| Stepping ~*~*~tactically~*~*~ (outnumbered).
You shoot an arrow.
The arrow hits Sigmund but does no damage.
Sigmund is severely wounded.
Sigmund's eyes start glowing with a red light.
Sigmund hits you but does no damage.
You shoot an arrow. The arrow hits Sigmund.
Sigmund is almost dead.
Sigmund closely misses you.
You shoot an arrow. The arrow closely misses Sigmund.
Sigmund gestures at you while chanting. The puff of flame hits you!
You shoot an arrow. The arrow closely misses Sigmund.
Sigmund hits you from afar with a +2 scythe of protection.
You shoot an arrow.
The arrow hits Sigmund but does no damage.
Sigmund is severely wounded.
Sigmund hits you from afar with a +2 scythe of protection!
You shoot an arrow. The arrow closely misses Sigmund.
Sigmund barely misses you.
You shoot an arrow.
The arrow hits Sigmund but does no damage.
Sigmund is severely wounded.
You shoot an arrow. The arrow closely misses Sigmund.
Sigmund misses you.
You shoot an arrow. The arrow barely misses Sigmund.
Sigmund hits you from afar with a +2 scythe of protection.
You shoot an arrow. The arrow closely misses Sigmund.
Sigmund hits you but does no damage.
You shoot an arrow.
The arrow hits Sigmund but does no damage.
Sigmund is severely wounded.
Sigmund closely misses you.
You shoot an arrow.
The arrow hits Sigmund but does no damage.
Sigmund is severely wounded.
Sigmund hits you from afar with a +2 scythe of protection!
You die...
Sigmund begins carving another notch in his scythe.

# ######### #. #.......#
#.. ######.......# ###
#... #@...........# #..
.#....##............###..
.....K.@......>..........
.#....##............###..
#######............####.
#..........##..........
#..........##.#######..
#......######.#### #..
#......# #....# #..


You could see Sigmund.

Vanquished Creatures
  Robin (D:3)
  4 gnolls (D:2)
  2 adders (D:2)
  2 worms (D:2)
  A dart slug (D:2)
  4 bats
  4 endoplasms
  A giant cockroach (D:1)
  12 goblins
  8 hobgoblins
  3 jackals (D:2)
  2 quokkas (D:1)
  8 ball pythons
  4 frilled lizards
  3 kobolds
  A quokka skeleton (D:3)
  A quokka zombie (D:3)
  7 rats
68 creatures vanquished.

Notes
Turn   | Place    | Note
-------+----------+-------------------------------------------
     0 | D:1      | qw the Gargoyle Hunter began the quest for the Orb.
     0 | D:1      | Reached XP level 1. HP: 12/12 MP: 1/1
     0 | D:1      | 0 ||| qw: Version: 0.3-a-75-g829b12e
     0 | D:1      | 0 ||| qw: Game counter: 196
     0 | D:1      | 0 ||| qw: Melee chars always use a shield: true
     0 | D:1      | 0 ||| qw: God list: Okawaru
     0 | D:1      | 0 ||| qw: Allow faded altars: false
     0 | D:1      | 0 ||| qw: Do Orc after clearing Dungeon:15 true
     0 | D:1      | 0 ||| qw: Do second Lair branch before Depths: true
     0 | D:1      | 0 ||| qw: Lair rune preference: random
     0 | D:1      | 0 ||| qw: Goals: Normal
     0 | D:1      | 0 ||| PLANNING D:1-11
    68 | D:1      | Reached XP level 2. HP: 17/17 MP: 2/2
   350 | D:1      | Reached XP level 3. HP: 21/21 MP: 3/3
   487 | D:1      | Reached skill level 5 in Ranged Weapons
   735 | D:1      | 735 ||| UPGRADING to +0 ring mail.
   745 | D:1      | 745 ||| DROPPING +0 leather armour.
   746 | D:1      | 746 ||| READING scroll labelled ONUGEHEOVE.
   747 | D:1      | 747 ||| READING scroll labelled VOMIGA ACKOIMN.
   752 | D:1      | 752 ||| READING scroll labelled BIUSOQ XEUS.
   753 | D:1      | 753 ||| READING scroll labelled HUOPPI QILYNU.
   754 | D:1      | 754 ||| READING scroll labelled VENWULIA FOPTE.
   755 | D:1      | 755 ||| DROPPING scroll of butterflies.
   796 | D:2      | 796 ||| Stepping ~*~*~tactically~*~*~ (retreating).
   797 | D:2      | 797 ||| Stepping ~*~*~tactically~*~*~ (retreating).
   798 | D:2      | 798 ||| Stepping ~*~*~tactically~*~*~ (retreating).
   799 | D:2      | 799 ||| Stepping ~*~*~tactically~*~*~ (retreating).
   802 | D:2      | Reached skill level 1 in Armour
   806 | D:2      | Reached XP level 4. HP: 27/27 MP: 4/4
   808 | D:2      | Reached skill level 3 in Fighting
   833 | D:2      | Found a faded altar of an unknown god.
   857 | D:2      | 857 ||| FLEEEEING.
   858 | D:2      | 858 ||| FLEEEEING.
   859 | D:2      | 859 ||| FLEEEEING.
   860 | D:2      | 860 ||| FLEEEEING.
  1013 | D:2      | HP: 4/28 [worm (8)]
  1022 | D:2      | 1022 ||| FLEEEEING.
  1023 | D:2      | 1023 ||| FLEEEEING.
  1024 | D:2      | 1024 ||| FLEEEEING.
  1029 | D:2      | 1029 ||| FLEEEEING.
  1030 | D:2      | 1030 ||| FLEEEEING.
  1031 | D:2      | 1031 ||| FLEEEEING.
  1032 | D:2      | 1032 ||| FLEEEEING.
  1033 | D:2      | 1033 ||| FLEEEEING.
  1034 | D:2      | 1034 ||| FLEEEEING.
  1035 | D:2      | 1035 ||| FLEEEEING.
  1036 | D:2      | 1036 ||| FLEEEEING.
  1038 | D:2      | 1038 ||| STAIRDANCE
  1111 | D:1      | 1111 ||| UPGRADING to ring of see invisible.
  1112 | D:1      | 1112 ||| READING scroll labelled QUVEPNICZO.
  1647 | D:2      | 1647 ||| READING scroll labelled VAONOI NEUKH.
  1648 | D:2      | 1648 ||| DRINKING 2 orange potions.
  1649 | D:2      | 1649 ||| READING 2 scrolls of identify.
  1649 | D:2      | 1649 ||| IDENTIFYING sedimented amethyst potion
  1693 | D:3      | 1693 ||| Stepping ~*~*~tactically~*~*~ (outnumbered).
  1698 | D:3      | HP: 7/28 [gnoll/+0 spear (3)]
  1699 | D:3      | 1699 ||| READING scroll of teleportation.
  1699 | D:3      | HP: 2/28 [gnoll/+0 whip (4)]
  1704 | D:3      | Reached XP level 5. HP: 4/32 MP: 5/5
  1712 | D:3      | HP: 3/32 [goblin/+0 club (3)]
  1843 | D:3      | Found a hazy altar of Hepliaklqana.
  1847 | D:3      | Found a stormy altar of Qazlal.
  1847 | D:3      | Found a glowing golden altar of the Shining One.
  1847 | D:3      | Noticed Robin
  1848 | D:3      | 1848 ||| Stepping ~*~*~tactically~*~*~ (outnumbered).
  1851 | D:3      | 1851 ||| Stepping ~*~*~tactically~*~*~ (outnumbered).
  1866 | D:3      | Killed Robin
  1971 | D:3      | Found a sacrificial altar of Ru.
  2087 | D:3      | Noticed Sigmund
  2092 | D:3      | 2092 ||| Stepping ~*~*~tactically~*~*~ (outnumbered).
  2093 | D:3      | 2093 ||| Stepping ~*~*~tactically~*~*~ (outnumbered).
  2098 | D:3      | HP: 8/32 [Sigmund/+2 scythe of protection (9)]
  2105 | D:3      | Slain by Sigmund

Levels and vault maps discovered:
D:1:      minmay_arrival_nine_rooms, layout_loops_ring, minmay_misc_feat_room
D:2:      layout_basic, shapermc_ecumenical_altar_pompeii, serial_bayou_ford_a,
          grunt_decor_arrowhead
D:3:      layout_basic, grunt_temple_overflow_open, serial_undead,
          serial_undead_c, serial_undead_c, serial_undead_b, serial_undead_e,
          uniq_sigmund, uniq_robin, uniq_natasha

Skill      XL: |  1  2  3  4 |
---------------+-------------+-----
Ranged Weapons | 5 |  5.8
Armour         | 1 |  1.1
Fighting       | 3 |  3.1
Dodging        | |  1.5
Stealth        | |  1.1

Action                     |  1- 3 |  4- 6 || total
---------------------------+-------+-------++-------
   Fire: Shortbow          |    79 |   152 ||   231
    Use: Scroll            |     5 |     4 ||     9
         Potion            |       |     1 ||     1
 Armour: Leather armour    |     9 |       ||     9
         Ring mail         |       |    87 ||    87
  Dodge: Dodged            |    14 |    66 ||    80

Table legend:
 A = Non-vault XP
 B = Vault XP
 C = Vault XP percentage of total XP
 D = Non-vault monster count
 E = Vault monster count
 F = Vault count percentage of total count
                 A         B        C        D         E       F
            +---------+---------+-------+---------+---------+-------
      Total |     166 |      39 |  19.0 |      54 |      14 |  20.6
            +---------+---------+-------+---------+---------+-------
        D:1 |      39 |       0 |   0.0 |      24 |       0 |   0.0
        D:2 |     123 |       0 |   0.0 |      27 |       0 |   0.0
        D:3 |       4 |      39 |  90.7 |       3 |      14 |  82.4
            +---------+---------+-------+---------+---------+-------
